 Dungeon Crawl Stone Soup version 0.31-a0-202-g547052bce9 (webtiles) character file.

Game seed: 12594681301509582558

696 qw the Skirmisher (level 7, -2/40 HPs)
             Began as a Deep Elf Hunter on June 26, 2023.
             Slain by a gnoll
             ... wielding a +0 whip
             ... led by a gnoll sergeant
              (5 damage)
             ... on level 5 of the Dungeon.
             The game lasted 00:01:09 (2926 turns).

qw the Skirmisher (Deep Elf Hunter)                 Turns: 2926, Time: 00:01:10

Health: -2/40      AC:  7    Str: 10    XL:     7   Next: 37%
Magic:  9/9        EV: 11    Int: 14    God:
Gold:   218        SH:  0    Dex: 18    Spells: 6/6 levels left

rFire   . . .        Y - +0 shortbow (freeze)
rCold   . . .        (shield currently unavailable)
rNeg    . . .        k - +0 ring mail
rPois   .            i - +0 helmet
rElec   .            (no cloak)
rCorr   +            (no gloves)
SInv    .            j - +0 pair of boots
Will    +....        l - amulet of regeneration
Stlth   +            f - ring of willpower
HPRegen 1.06/turn    n - ring of resist corrosion
MPRegen 0.11/turn

%: no passive effects
@: lethally poisoned (-2 -> -5)
A: no striking features
a: no special abilities


You were on level 5 of the Dungeon.
You visited 1 branch of the dungeon, and saw 5 of its levels.

You collected 218 gold pieces.


   Skills:
 - Level 2.3 Fighting
 + Level 11.0 Ranged Weapons
 - Level 1.0 Armour
 - Level 3.4 Dodging
 - Level 1.2 Stealth


You had 6 spell levels left.
You didn't know any spells.
Your spell library was empty.

Inventory:

Hand Weapons
 Y - a +0 shortbow of freezing (weapon)
Armour
 i - a +0 helmet (worn)
 j - a +0 pair of boots (worn)
 k - a +0 ring mail (worn)
Jewellery
 f - a ring of willpower (left hand)
 l - an amulet of regeneration (around neck)
 n - a ring of resist corrosion (right hand)
Scrolls
 d - a scroll of identify
 o - a scroll of fear {unknown}
 p - a scroll of amnesia {unknown}
 q - a scroll of immolation {unknown}
Potions
 a - a potion of attraction {unknown}
 b - a potion of heal wounds {unknown}
 c - a potion of ambrosia {unknown}
 e - a potion of lignification {unknown}
 g - a potion of resistance
 h - a potion of invisibility {unknown}
 m - a potion of haste

Dungeon Overview and Level Annotations

Branches:
Dungeon (5/15)
 Temple: D:4-7

Altars:
Kikubaaqudgha
Yredelemnul

Shops:
D:1 =

Annotations:
D:3 2 transporters, Menkaure


Message History

The gnoll closely misses you.
You shoot an arrow. The arrow hits the dart slug.
The arrow freezes the dart slug.
The dart slug is almost dead.
The water moccasin barely misses you. The gnoll closely misses you.
The gnoll hits you with a +0 club. The dart slug barely misses you.
The water moccasin closely misses you.
You shoot an arrow. The arrow hits the dart slug.
The arrow freezes the dart slug.
You kill the dart slug!
The water moccasin closely misses you. The gnoll hits you with a +0 whip.
The gnoll closely misses you.
You shoot an arrow.
The arrow barely misses the water moccasin.
The water moccasin barely misses you. The gnoll barely misses you.
The gnoll hits you but does no damage. The water moccasin bites you.
You shoot an arrow.
The arrow closely misses the water moccasin.
The gnoll hits you but does no damage. The orc hits you with a +0 dagger.
The water moccasin bites you. The gnoll hits you but does no damage.
You shoot an arrow.
The arrow barely misses the water moccasin.
The water moccasin bites you. The gnoll hits you but does no damage.
The orc hits you but does no damage. The gnoll hits you with a +0 club.
You shoot an arrow. The arrow misses the water moccasin.
The water moccasin bites you. The gnoll hits you with a +0 whip.
The gnoll hits you with a +0 club. The orc misses you.
The water moccasin bites you but does no damage.
You shoot an arrow. The arrow hits the water moccasin.
The arrow freezes the water moccasin.
The water moccasin is lightly wounded.
The water moccasin bites you.
You are poisoned.
The water moccasin poisons you! The gnoll closely misses you.
The orc hits you but does no damage. The gnoll hits you with a +0 club.
You shoot an arrow.
The arrow barely misses the water moccasin.
You feel very sick. The water moccasin barely misses you.
The gnoll hits you with a +0 whip.
You die...

###<#####.... ##.
...).......# . ..
#....#...#..
..####.######........#..
.....................#..
...#.#..#...............
.!...........#......#..
..###.ggo.....#..###.#..
....).S@......#..# #.#..
............#.#..###.#..
..####.....##.#.....%...
#.######.#.####[#.. #.
#...........### #.
####^....<### ..
######## #. ## #.


You could see a water moccasin, 2 gnolls and an orc.

Vanquished Creatures
  Sigmund (D:2)
  Blork the orc (D:4)
  A scorpion (D:5)
  A gnoll sergeant (D:5)
  2 hounds
  3 orc priests
  Ijyb (D:3)
  A sleepcap (D:4)
  Robin (D:3)
  2 gnolls (D:5)
  5 adders
  A worm (D:2)
  2 dart slugs
  4 orcs
  A bat (D:1)
  4 endoplasms
  14 goblins
  6 hobgoblins
  3 jackals (D:2)
  3 quokkas
  6 ball pythons
  3 frilled lizards
  5 kobolds
  2 rats
73 creatures vanquished.

Notes
Turn   | Place    | Note
-------+----------+-------------------------------------------
     0 | D:1      | qw the Deep Elf Hunter began the quest for the Orb.
     0 | D:1      | Reached XP level 1. HP: 12/12 MP: 3/3
     0 | D:1      | 0 ||| qw: Version: 0.3-a-22-g0ed2b0b
     0 | D:1      | 0 ||| qw: Game counter: 5856
     0 | D:1      | 0 ||| qw: Melee chars always use a shield: true
     0 | D:1      | 0 ||| qw: God list: Okawaru
     0 | D:1      | 0 ||| qw: Allow faded altars: false
     0 | D:1      | 0 ||| qw: Do Orc after clearing Dungeon:15 true
     0 | D:1      | 0 ||| qw: Do second Lair branch before Depths: true
     0 | D:1      | 0 ||| qw: Lair rune preference: random
     0 | D:1      | 0 ||| qw: Goals: Normal
     0 | D:1      | 0 ||| PLANNING D:1-11
    63 | D:1      | Found Niethoex's Jewellery Shoppe.
    70 | D:1      | 70 ||| SHOPLISTING +5 ring of evasion (504 gold, have 0).
    70 | D:1      | 70 ||| SHOPLISTING +6 ring of strength (504 gold, have 0).
    70 | D:1      | 70 ||| SHOPLISTING amulet of reflection (420 gold, have 0).
    70 | D:1      | 70 ||| SHOPLISTING ring of Sihou {rC+ EV+5 Dex+4} (817
                  | gold, have 0).
    70 | D:1      | 70 ||| SHOPLISTING ring of fire (350 gold, have 0).
    70 | D:1      | 70 ||| SHOPLISTING ring of willpower (350 gold, have 0).
   135 | D:1      | You fall into a shaft and drop 1 floor!
   165 | D:2      | Reached XP level 2. HP: 14/16 MP: 4/4
   249 | D:2      | 249 ||| FLEEEEING.
   253 | D:2      | 253 ||| STAIRDANCE
   266 | D:1      | Reached skill level 6 in Ranged Weapons
   793 | D:1      | 793 ||| UPGRADING to +0 helmet.
   798 | D:1      | 798 ||| UPGRADING to +0 ring mail.
   808 | D:1      | 808 ||| DROPPING +0 leather armour.
   809 | D:1      | 809 ||| UPGRADING to amulet of regeneration.
   814 | D:1      | 814 ||| UPGRADING to ring of willpower.
   815 | D:1      | 815 ||| READING scroll labelled DEUNUI HEOGA.
   816 | D:1      | 816 ||| READING scroll labelled PAYRAL JEZEA.
   817 | D:1      | 817 ||| READING scroll labelled TARIPPEROTT.
   818 | D:1      | 818 ||| DROPPING scroll of butterflies.
   873 | D:2      | Reached XP level 3. HP: 20/20 MP: 5/5
  1203 | D:2      | Reached skill level 7 in Ranged Weapons
  1218 | D:2      | Noticed Sigmund
  1232 | D:2      | HP: 3/20 [something (5)]
  1233 | D:2      | Killed Sigmund
  1234 | D:2      | Reached skill level 9 in Ranged Weapons
  1234 | D:2      | Reached XP level 4. HP: 5/25 MP: 6/6
  1234 | D:2      | Reached XP level 5. HP: 6/29 MP: 7/7
  1347 | D:2      | 1347 ||| DROPPING ring of wizardry.
  1493 | D:3      | Reached XP level 6. HP: 35/35 MP: 8/8
  1496 | D:3      | Noticed Robin
  1511 | D:3      | Killed Robin
  1561 | D:3      | Noticed Ijyb
  1589 | D:3      | Killed Ijyb
  1735 | D:3      | Found a transporter.
  1740 | D:3      | Found a transporter.
  1740 | D:3      | Found an ancient bone altar of Kikubaaqudgha.
  1747 | D:3      | Noticed Menkaure
  1796 | D:3      | Found a basalt altar of Yredelemnul.
  2033 | D:3      | 2033 ||| UPGRADING to +0 pair of boots.
  2038 | D:3      | 2038 ||| READING scroll labelled IROBBI TIRUO.
  2039 | D:3      | 2039 ||| DRINKING 2 orange potions.
  2040 | D:3      | 2040 ||| DROPPING potion of magic.
  2280 | D:4      | Reached skill level 1 in Armour
  2282 | D:4      | 2282 ||| FLEEEEING.
  2283 | D:4      | 2283 ||| FLEEEEING.
  2283 | D:4      | Noticed Blork the orc
  2289 | D:4      | Reached skill level 10 in Ranged Weapons
  2293 | D:4      | HP: 6/35 [Blork the orc/puff of flame (7)]
  2294 | D:4      | Killed Blork the orc
  2295 | D:4      | Reached skill level 3 in Dodging
  2536 | D:4      | Reached XP level 7. HP: 40/40 MP: 9/9
  2711 | D:4      | 2711 ||| UPGRADING to ring of resist corrosion.
  2758 | D:5      | Entered Level 5 of the Dungeon
  2915 | D:5      | Reached skill level 11 in Ranged Weapons
  2924 | D:5      | HP: 8/40 [gnoll/+0 club[a gnoll sergeant] (6)]
  2926 | D:5      | HP: 3/40 [poisoned by a water moccasin]
  2926 | D:5      | Slain by a gnoll

Levels and vault maps discovered:
D:1:      evilmike_arrival_hilbert_curve, layout_loops_ring, serial_shops, shop
D:2:      layout_loops_cross, uniq_sigmund
D:3:      layout_loops_ring, gammafunk_temple_of_torment, uniq_robin, uniq_ijyb
D:4:      layout_basic, uniq_blork_the_orc
D:5:      layout_basic, grunt_ministairs_13, grunt_decor_cap

Skill      XL: |  1  2  3  4  5  6  7 |
---------------+----------------------+-----
Ranged Weapons | 6 9 10 11 | 11.0
Fighting       | 2 |  2.3
Armour         | 1 |  1.0
Dodging        | 3 |  3.4
Stealth        | |  1.2

Action                     |  1- 3 |  4- 6 |  7- 9 || total
---------------------------+-------+-------+-------++-------
  Melee: Unarmed           |       |    17 |       ||    17
   Fire: Shortbow          |   103 |   126 |    30 ||   259
    Use: Scroll            |     3 |     1 |       ||     4
         Potion            |       |     1 |       ||     1
 Armour: Leather armour    |     7 |       |       ||     7
         Ring mail         |     8 |    26 |    11 ||    45
         Skin              |       |     2 |       ||     2
  Dodge: Dodged            |    17 |    79 |    17 ||   113

Table legend:
 A = Non-vault XP
 B = Vault XP
 C = Vault XP percentage of total XP
 D = Non-vault monster count
 E = Vault monster count
 F = Vault count percentage of total count
                 A         B        C        D         E       F
            +---------+---------+-------+---------+---------+-------
      Total |     588 |     407 |  40.9 |      58 |      15 |  20.5
            +---------+---------+-------+---------+---------+-------
        D:1 |      22 |       0 |   0.0 |      13 |       0 |   0.0
        D:2 |      58 |     243 |  80.7 |      18 |       1 |   5.3
        D:3 |     122 |      73 |  37.4 |      10 |      13 |  56.5
        D:4 |     148 |      91 |  38.1 |      11 |       1 |   8.3
        D:5 |     238 |       0 |   0.0 |       6 |       0 |   0.0
            +---------+---------+-------+---------+---------+-------
